 Dungeon Sprint DCSS version 0.22.1-1-ga44c0e5 (console) character file.

200166 erker the Axe Maniac (level 18, -2/200 HPs)
             Began as a Minotaur Fighter on Oct 5, 2018.
             Was the Champion of Makhleb.
             Slain by a stone giant (glowing shapeshifter) (5 damage)
             ... in the Dungeon (Sprint V: "Ziggurat Sprint").
             The game lasted 00:40:17 (2107 turns).

erker the Axe Maniac (Minotaur Fighter)             Turns: 2107, Time: 00:40:18

Health: -2/200     AC: 35    Str: 31    XL:     18   Next: 26%
Magic:  8/8        EV:  2    Int:  8    God:    Makhleb [******]
Gold:   0          SH:  0    Dex: 17    Spells: 17/17 levels left

rFire    + . .     SeeInvis .   V - +9 broad axe {holy, rN+ Str+4 Int-2}
rCold    + . .     Gourm    .   n - +4 large shield
rNeg     + + +     Faith    .   p - +15 Maxwell's patent armour {-Cast -Tele rElec MR+ rCorr}
rPois    ∞         Spirit   .   o - +1 hat {MR+}
rElec    +         Reflect  +   X - +0 cloak "Licledwo" {rC+ MR+}
rCorr    +         Harm     .   (no gloves)
MR       +++++     NoTele   +   J - +1 pair of boots {run} Stlth ++++......NoCast +
                                Q - brooch of Shielding {Reflect SH+8}
HPRegen  0.43/turn              I - ring "Mogumnel" {MR+ MP-9 Int+5 Slay+3}
MPRegen  0.11/turn              P - ring of Hueqev {rF+ Dex+5}

@: petrified, corroded, slowed, studying 3 skills, quick
A: retaliatory headbutt, horns 2
a: Minor Destruction, Lesser Servant of Makhleb, Major Destruction, Greater
Servant of Makhleb, Renounce Religion


You were in the Dungeon.
You worshipped Makhleb.
Makhleb was exalted by your worship.
You were not hungry.

You visited 1 branch

Inventory:

Hand Weapons
 V - the +9 broad axe of Stickiness (weapon) {holy, rN+ Str+4 Int-2}
   (You found it in the Dungeon)

   It has been blessed by the Shining One to cause great damage to the undead
   and demons.
   It affects your strength (+4).
   It affects your intelligence (-2).
   It protects you from negative energy.
Armour
 l - +5 gold dragon scales
 n - a +4 large shield (worn)
 o - a +1 hat of magic resistance (worn)
 p - the +15 Maxwell's patent armour (worn) {-Cast -Tele rElec MR+ rCorr}
   (You found it in the Dungeon)

   It insulates you from electricity.
   It affects your resistance to hostile enchantments.
   It prevents spellcasting.
   It prevents most forms of teleportation.
   It provides partial protection from all sources of acid and corrosion.
 J - a +1 pair of boots of running (worn)
 X - the +0 cloak "Licledwo" (worn) {rC+ MR+}
   (You found it in the Dungeon)

   It protects you from cold.
   It affects your resistance to hostile enchantments.
Jewellery
 j - the ring of Ziboy {+Fly rC+ Str+4 Dex+2}
   (You found it in the Dungeon)

   [ring of flight]

   It affects your strength (+4).
   It affects your dexterity (+2).
   It protects you from cold.
   It lets you fly.
 A - the amulet of Qazlal's Regard {Reflect rC+ Dex+3 SH+4}
   (You found it in the Dungeon)

   [amulet of reflection]

   It shields you and reflects attacks.
   It affects your dexterity (+3).
   It protects you from cold.
   It affects your SH (+4).
 I - the ring "Mogumnel" (left hand) {MR+ MP-9 Int+5 Slay+3}
   (You found it in the Dungeon)

   [ring of slaying]

   It affects your intelligence (+5).
   It affects your accuracy and damage with ranged weapons and melee attacks
   (+3).
   It affects your resistance to hostile enchantments.
   It affects your magic capacity (-9).
 K - the amulet "Zasul" {Regen+ SInv}
   (You found it in the Dungeon)

   [amulet of regeneration]

   It lets you see invisible.
   It increases your rate of regeneration.
 M - the ring of Doubts {*Corrode rElec rPois Str+4 Int+4}
   (You found it in the Dungeon)

   [ring of poison resistance]

   It affects your strength (+4).
   It affects your intelligence (+4).
   It insulates you from electricity.
   It protects you from poison.
   It may corrode you when you take damage.
 N - the ring "Qutooty" {rC+ rN+ MR+}
   (You found it in the Dungeon)

   [ring of protection from cold]

   It protects you from cold.
   It protects you from negative energy.
   It affects your resistance to hostile enchantments.
 P - the ring of Hueqev (right hand) {rF+ Dex+5}
   (You found it in the Dungeon)

   [ring of protection from fire]

   It affects your dexterity (+5).
   It protects you from fire.
 Q - the brooch of Shielding (around neck) {Reflect SH+8}
   (You found it in the Dungeon)

   [amulet of reflection]

   It shields you and reflects attacks.
   It affects your SH (+8).
 R - the ring "Jeoch" {MR+ Dex+2 Stlth+}
   (You found it in the Dungeon)

   [ring of dexterity]

   It affects your dexterity (+2).
   It affects your resistance to hostile enchantments.
   It makes you more stealthy.
 S - the ring "Athaf" {Fire Int+3}
   (You found it in the Dungeon)

   [ring of fire]

   It enhances your fire magic.
   It affects your intelligence (+3).
   It protects you from fire.
   It makes you vulnerable to cold.
 T - the ring of Fixtoina {+Blink +Fly rF++ MR+ Str-3}
   (You found it in the Dungeon)

   [ring of flight]

   It affects your strength (-3).
   It greatly protects you from fire.
   It affects your resistance to hostile enchantments.
   It lets you fly.
   It lets you blink.
Wands
 t - a wand of iceblast (6)
 u - a wand of acid (7)
Scrolls
 k - 4 scrolls of blinking
 D - a scroll of holy word
 E - 5 scrolls of identify
 F - 4 scrolls of remove curse
 G - 2 scrolls of fear
 H - a scroll of brand weapon
 O - 2 scrolls of acquirement
 Z - 3 scrolls of enchant armour
Potions
 d - 6 potions of might
 e - 10 potions of curing
 g - 18 potions of heal wounds
 h - 10 potions of haste
 i - 7 potions of magic
 x - 2 potions of invisibility
 z - 2 potions of resistance
 B - 5 potions of agility
Books
 b - a manual of Throwing
 v - a manual of Earth Magic
 L - a manual of Crossbows
Miscellaneous
 q - a lightning rod (4/4)
 U - 3 phantom mirrors
Comestibles
 f - 8 rations
 r - 3 chunks of flesh


   Skills:
 O Level 27 Fighting
 O Level 27 Axes
 O Level 27 Armour
 O Level 27 Dodging
 * Level 23.8 Stealth
 O Level 27 Shields


You had 17 spell levels left.
You didn't know any spells.
Your spell library contained the following spells:

 Spells                   Type           Power        Failure   Level  Hunger
 Corona                   Hex            #......      75%         1    ##.....
 Flame Tongue             Conj/Fire      #....        75%         1    ##.....
 Freeze                   Ice            #...         75%         1    ##.....
 Magic Dart               Conj           #...         75%         1    ##.....
 Sandblast                Erth           #.....       75%         1    ##.....
 Summon Butterflies       Summ           #.......     75%         1    ##.....
 Blink                    Tloc           N/A          86%         2    ###....
 Call Imp                 Summ           #.......     86%         2    ###....
 Corpse Rot               Necr           N/A          86%         2    ###....
 Passwall                 Tmut/Erth      #.......     86%         2    ###....
 Poisonous Vapours        Pois/Air       #.....       86%         2    ###....
 Searing Ray              Conj           #.....       86%         2    ###....
 Slow                     Hex            #.......     86%         2    ###....
 Sublimation of Blood     Necr           #.........   86%         2    ###....
 Swiftness                Chrm/Air       #.......     86%         2    ###....
 Throw Flame              Conj/Fire      #.....       86%         2    ###....
 Throw Frost              Conj/Ice       #.....       86%         2    ###....
 Call Canine Familiar     Summ           #.......     98%         3    ####...
 Conjure Flame            Conj/Fire      #.......     98%         3    ####...
 Dazzling Spray           Conj/Hex       #.....       98%         3    ####...
 Ignite Poison            Fire/Tmut/Pois #.......     98%         3    ####...
 Inner Flame              Hex/Fire       #.......     98%         3    ####...
 Mephitic Cloud           Conj/Pois/Air  #.......     98%         3    ####...
 Ozocubu's Armour         Chrm/Ice       #.......     98%         3    ####...
 Portal Projectile        Hex/Tloc       #.....       98%         3    ####...
 Recall                   Summ/Tloc      N/A          98%         3    ####...
 Static Discharge         Conj/Air       #.......     98%         3    ####...
 Stone Arrow              Conj/Erth      #.....       98%         3    ####...
 Animate Dead             Necr           N/A          100%        4    #####..
 Cause Fear               Hex            #.........   100%        4    #####..
 Force Lance              Conj/Tloc      #.......     100%        4    #####..
 Fulminant Prism          Conj/Hex       #.........   100%        4    #####..
 Ice Form                 Ice/Tmut       #.......     100%        4    #####..
 Iskenderun's Mystic Bla  Conj           #.......     100%        4    #####..
 Leda's Liquefaction      Hex/Erth       #.........   100%        4    #####..
 Passage of Golubria      Tloc           N/A          100%        4    #####..
 Petrify                  Tmut/Erth      #.......     100%        4    #####..
 Sticky Flame             Conj/Fire      #.......     100%        4    #####..
 Summon Ice Beast         Ice/Summ       #.......     100%        4    #####..
 Summon Lightning Spire   Summ/Air       #.......     100%        4    #####..
 Throw Icicle             Conj/Ice       #.......     100%        4    #####..
 Agony                    Necr           #.......     100%        5    ######.
 Aura of Abjuration       Summ           #.........   100%        5    ######.
 Bolt of Draining         Conj/Necr      #.........   100%        5    ######.
 Bolt of Magma            Conj/Fire/Erth #.........   100%        5    ######.
 Borgnjor's Vile Clutch   Necr/Erth      #.........   100%        5    ######.
 Dispel Undead            Necr           #.......     100%        5    ######.
 Excruciating Wounds      Chrm/Necr      #.........   100%        5    ######.
 Fireball                 Conj/Fire      #.........   100%        5    ######.
 Irradiate                Conj/Tmut      #.........   100%        5    ######.
 Iskenderun's Battlesphe  Conj/Chrm      #.......     100%        5    ######.
 Lee's Rapid Deconstruct  Erth           #.........   100%        5    ######.
 Lightning Bolt           Conj/Air       #.........   100%        5    ######.
 Metabolic Englaciation   Hex/Ice        #.........   100%        5    ######.
 Silence                  Hex/Air        #.........   100%        5    ######.
 Summon Demon             Summ           #.........   100%        5    ######.
 Summon Forest            Summ/Tloc      #.........   100%        5    ######.
 Summon Mana Viper        Hex/Summ       #.......     100%        5    ######.
 Venom Bolt               Conj/Pois      #.........   100%        5    ######.
 Yara's Violent Unravell  Hex/Tmut       #.........   100%        5    ######.
 Bolt of Cold             Conj/Ice       #.........   100%        6    #######
 Bolt of Fire             Conj/Fire      #.........   100%        6    #######
 Conjure Ball Lightning   Conj/Air       #.........   100%        6    #######
 Darkness                 Hex            #.........   100%        6    #######
 Death Channel            Necr           #.........   100%        6    #######
 Deflect Missiles         Chrm/Air       #.........   100%        6    #######
 Freezing Cloud           Conj/Ice/Air   #.........   100%        6    #######
 Hydra Form               Tmut           #.........   100%        6    #######
 Invisibility             Hex            #.......     100%        6    #######
 Iron Shot                Conj/Erth      #.........   100%        6    #######
 Ozocubu's Refrigeration  Ice            #.........   100%        6    #######
 Poison Arrow             Conj/Pois      #.........   100%        6    #######
 Shadow Creatures         Summ           N/A          100%        6    #######
 Simulacrum               Ice/Necr       #.........   100%        6    #######
 Statue Form              Tmut/Erth      #........    100%        6    #######
 Dragon Form              Tmut           #.........   100%        7    #######
 Haunt                    Necr/Summ      #.........   100%        7    #######
 Orb of Destruction       Conj           #.........   100%        7    #######
 Spellforged Servitor     Conj/Summ      #.........   100%        7    #######
 Summon Hydra             Summ           #.........   100%        7    #######
 Borgnjor's Revivificati  Necr           #.........   100%        8    #######
 Chain Lightning          Conj/Air       #.........   100%        8    #######
 Death's Door             Chrm/Necr      #.........   100%        8    #######
 Discord                  Hex            #.........   100%        8    #######
 Ignition                 Fire           #.........   100%        8    #######
 Infestation              Necr           #.........   100%        8    #######
 Lehudib's Crystal Spear  Conj/Erth      #.........   100%        8    #######
 Necromutation            Tmut/Necr      #.........   100%        8    #######
 Dragon's Call            Summ           #.........   100%        9    #######
 Fire Storm               Conj/Fire      #.........   100%        9    #######
 Glaciate                 Conj/Ice       #.........   100%        9    #######
 Shatter                  Erth           #.........   100%        9    #######
 Tornado                  Air            #.........   100%        9    #######


Dungeon Overview and Level Annotations

Branches:
Dungeon (1/1)

Altars:
Ashenzari
Cheibriados
Dithmenos
Elyvilon
Fedhas
Gozag
Hepliaklqana
Kikubaaqudgha
Makhleb
Nemelex Xobeh
Okawaru
Qazlal
Ru
Sif Muna
Trog
Uskayaw
Vehumet
Wu Jian
Xom
Yredelemnul
Zin
The Shining One
Beogh
Jiyva
Lugonu


Innate Abilities, Weirdness & Mutations

You reflexively headbutt those who attack you in melee.
You have a pair of horns on your head.


Message History

The iron giant changes into a caustic shrike!
The ice dragon changes into a tyrant leech!
The titan changes into a juggernaut!
The komodo dragon changes into a swamp dragon!
The komodo dragon changes into an elephant!
The iron troll changes into a quicksilver dragon!
The acid blob is no longer petrified.
The iron dragon changes into a sphinx!
The golden dragon changes into an iron dragon!
The hornet rages.
The wind drake flaps its wings at you. The air twists around and strikes you!
* * * LOW HITPOINT WARNING * * *
The titan hits you but does no damage.
The iron dragon bites you but does no damage.
The iron dragon claws you!
* * * LOW HITPOINT WARNING * * *
The iron dragon tramples you but does no damage.
The catoblepas gores you but does no damage.
The stone giant hits you!
You die... ......▓ ).|").▓ ?}[)[.|:)[.}:[. .}))).▓ =)|[?:):)}.)[): [)}}..▓ })[=}})sh)))=}[ ......▓ .....=sFykS.... ......▓ ....GJcYych.... ......▓ ....skOHCmt.... ......▓ ....SCDCDDbh...

......▓
....lJb@YDll...
......▓
.....wNCDYm....
......▓
......kiTw.....
......▓
.......F.......
......▓
...............
......
...............
.▓....
..▓.........▓..
▓▓▓...
.▓▓▓.......▓▓▓.
.▓....
..▓.........▓..


You could see a juggernaut shaped shifter, 2 iron dragon shaped shifters, a
titan shaped shifter, a caustic shrike shaped shifter, an acid blob shaped
shifter, a fire giant shaped shifter, a quicksilver dragon shaped shifter, a
sphinx shaped shifter, a stone giant shaped shifter, a catoblepas, a death drake
shaped shifter, an elephant shaped shifter, a swamp dragon shaped shifter, a
tyrant leech shaped shifter, a slime creature shaped shifter, a wind drake
shaped shifter, a torpor snail shaped shifter, a merfolk shaped shifter, a
two-headed ogre shaped shifter, a deep troll shaped shifter, a fire crab shaped
shifter, a faun, a lindwurm shaped shifter, a mana viper shaped shifter, a
komodo dragon shaped shifter (petrified), a guardian serpent shaped shifter, a
yaktaur shaped shifter (berserk), a water nymph shaped shifter, a spiny frog, an
eye of draining, a queen bee, a basilisk shaped shifter, a blink frog shaped
shifter, a hornet (berserk), 2 tarantella shaped shifters, an acid dragon shaped
shifter, a redback shaped shifter, a naga shaped shifter, a spriggan shaped
shifter, a dream sheep shaped shifter, 3 jackals, a bat (berserk) and a frilled
lizard.

Vanquished Creatures
  3 shard shrikes (D)
  A shard shrike (shapeshifter) (D)
  A golden dragon (D)
  Nikola (D)
  A lich (D)
  A titan (shapeshifter) (D)
  4 quicksilver dragons (D)
  Gastronok (D)
  Donald (D)
  Kirke (D)
  10 shadow dragons (D)
  6 draconian monks (D)
  5 draconian knights (D)
  An iron dragon (shapeshifter) (D)
  2 pandemonium lords (D)
  3 draconian scorchers (D)
  5 nagarajas (D)
  3 ghouls (D)
  A cacodemon (D)
  An iron dragon (D)
  3 draconian shifters (D)
  4 reapers (D)
  2 draconian stormcallers (D)
  3 draconian annihilators (D)
  A vampire knight (D)
  An entropy weaver (D)
  16 green draconians (D)
  8 white draconians (D)
  10 black draconians (D)
  7 purple draconians (D)
  A black sun (D)
  A deep elf demonologist (D)
  A lorocyproca (D)
  A spark wasp (D)
  8 yellow draconians (D)
  A dire elephant (D)
  A green death (D)
  5 red draconians (D)
  Josephine (D)
  A blizzard demon (D)
  2 fire dragons (D)
  5 hydras (D)
  A rakshasa (D)
  4 spriggan air magi (D)
  7 naga warriors (D)
  A hydra (shapeshifter) (D)
  3 ice dragons (D)
  A centaur warrior (D)
  9 anacondas (D)
  A deep elf knight (D)
  4 soul eaters (D)
  A sun demon (D)
  3 spriggan berserkers (D)
  4 skeletal warriors (D)
  4 death drakes (D)
  A torturous demonspawn (D)
  A death drake (shapeshifter) (D)
  An unseen horror (shapeshifter) (D)
  A gelid demonspawn (D)
  3 swamp dragons (D)
  3 necromancers (D)
  An orc knight (D)
  An orb spider (D)
  A harpy (shapeshifter) (D)
  A deep elf mage (D)
  A wolf spider (D)
  A moth of wrath (D)
  13 black mambas (D)
  6 guardian serpents (D)
  A vault sentinel (D)
  4 naga magi (D)
  A guardian serpent (shapeshifter) (D)
  A spiny frog (shapeshifter) (D)
  4 spiny frogs (D)
  A smoke demon (D)
  4 rime drakes (D)
  A hellion (D)
  An efreet (D)
  A dryad (D)
  A freezing wraith (D)
  5 ice devils (D)
  A demonic crawler (D)
  2 yaktaurs (D)
  A red devil (D)
  3 jumping spiders (D)
  A wind drake (D)
  A slime creature (D)
  2 vampires (D)
  A redback (shapeshifter) (D)
  4 redbacks (D)
  3 yaks (D)
  2 spriggans (D)
  3 tarantellas (D)
  A tarantella (shapeshifter) (D)
  3 wyverns (D)
  An air elemental (D)
  Grum (D)
  Eustachio (D)
  5 fire elementals (D)
  A golden eye (D)
  2 golden eyes (shapeshifter) (D)
  A steam dragon (D)
  4 nagas (D)
  8 water moccasins (D)
  An acid dragon (D)
  3 floating eyes (D)
  4 porcupines (D)
  An ice beast (D)
  A black bear (D)
  An eye of draining (D)
  A swamp drake (D)
  A necrophage (D)
  2 wolves (D)
  A black bear (shapeshifter) (D)
  4 crocodiles (D)
  4 bullfrogs (D)
  Dowan (D)
  3 wights (D)
  3 jellies (D)
  Ijyb (D)
  Terence (D)
  2 iguanas (D)
  3 river rats (D)
  5 adders (D)
  3 white imps (D)
  3 oozes (D)
  5 adder skeletons (D)
  5 adder zombies (D)
  A spectral bat (D)
  4 bat skeletons (D)
  8 bat zombies (D)
  A jackal (D)
  7 ball pythons (D)
  A ball python skeleton (D)
  4 giant cockroach zombies (D)
  3 jackal skeletons (D)
  5 leopard gecko skeletons (D)
  4 quokka skeletons (D)
  3 quokka zombies (D)
  2 fire vortices (D)
392 creatures vanquished.

Vanquished Creatures (collateral kills)
  A shadow dragon (D)
  Snorg (D)
  A necromancer (D)
  A deep elf mage (D)
  A guardian serpent (D)
  2 yaktaurs (D)
  A fire elemental (D)
  A neqoxec (D)
  A hell hound (D)
  2 crocodiles (D)
  A spectral adder (D)
  A bat zombie (D)
  A ball python skeleton (D)
  A leopard gecko skeleton (D)
  A leopard gecko zombie (D)
17 creatures vanquished.

Vanquished Creatures (others)
  Aizul (D)
  A draconian annihilator (D)
  3 red draconians (D)
  A satyr (D)
  A deep elf knight (D)
  A deep elf mage (D)
  A cyclops (D)
  A steam dragon (D)
  A naga (D)
  A swamp drake (D)
  A ball python (D)
  A fire vortex (D)
14 creatures vanquished.

Grand Total: 423 creatures vanquished

Notes
Turn   | Place    | Note
-------+----------+-------------------------------------------
     0 | D        | Found the +6 Majin-Bo {vamp, Archmagi MP+6 Int+6}
     0 | D        | Found the +7 great mace "Firestarter" {inner flame, rF++}
     0 | D        | erker the Minotaur Fighter began the quest for the Orb.
     0 | D        | Reached XP level 1. HP: 19/19 MP: 0/0
     3 | D        | Found a blossoming altar of Fedhas.
    17 | D        | Found a viscous altar of Jiyva.
    17 | D        | Found a hazy altar of Hepliaklqana.
    17 | D        | Found a transporter.
    17 | D        | Found an opulent altar of Gozag.
    17 | D        | Found an ancient bone altar of Kikubaaqudgha.
    17 | D        | Found a corrupted altar of Lugonu.
    29 | D        | Found a burning altar of Makhleb.
    30 | D        | Found an iron altar of Okawaru.
    30 | D        | Found a stormy altar of Qazlal.
    30 | D        | Found a sparkling altar of Nemelex Xobeh.
    30 | D        | Found a sacrificial altar of Ru.
    30 | D        | Found a deep blue altar of Sif Muna.
    35 | D        | Found the +9 heavy crossbow "Sniper" {velocity, Acc+∞ SInv}
    35 | D        | Found the +10 dark maul {crush}
    35 | D        | Found the +15 Maxwell's patent armour {-Cast -Tele rElec
                  | MR+ rCorr}
    35 | D        | Found the +18 shield of the Gong {rElec rN+ MR+ EV-5}
    35 | D        | Found the cursed +14 obsidian axe {chop, +Fly SInv *Curse}
    48 | D        | Found the +6 shillelagh "Devastator" {shatter}
    48 | D        | Found the +11 plutonium sword {*Contam Stlth-}
    48 | D        | Found the +8 lance "Wyrmbane" {slay drac, rPois rF+ rC+
                  | AC+3}
    48 | D        | Found the +9 sword of Zonguldrok {reap}
    48 | D        | Found the cursed +13 scythe of Curses {drain, *Curse}
    48 | D        | Found the +0 sword of Power
    48 | D        | Found the +7 mace of Variability {chain chaos}
    48 | D        | Found the +7 Singing Sword
    48 | D        | Found the +7 longbow "Piercer" {penet, EV-2}
    49 | D        | Found a bloodstained altar of Trog.
    79 | D        | Became a worshipper of Makhleb the Destroyer
    85 | D        | Reached XP level 2. HP: 26/26 MP: 1/1
    96 | D        | Entered arena 2.
    96 | D        | Found a transporter.
    97 | D        | Found the +7 Kryia's mail coat {PotionHeal*2 rC+}
    98 | D        | Reached XP level 3. HP: 33/33 MP: 2/2
    98 | D        | Reached skill level 10 in Armour
   103 | D        | Got the amulet of Qazlal's Regard {Reflect rC+ Dex+3 SH+4}
   108 | D        | Entered arena 3.
   108 | D        | Noticed an orc knight
   108 | D        | Noticed a rakshasa
   108 | D        | Noticed a vault sentinel
   108 | D        | Found a transporter.
   115 | D        | Killed an orc knight
   115 | D        | Reached * piety under Makhleb
   115 | D        | Reached XP level 4. HP: 36/49 MP: 3/3
   115 | D        | Reached XP level 5. HP: 42/56 MP: 4/4
   115 | D        | Reached XP level 6. HP: 46/62 MP: 5/5
   116 | D        | Killed a vault sentinel
   116 | D        | Reached skill level 10 in Shields
   116 | D        | Reached XP level 7. HP: 53/71 MP: 6/6
   121 | D        | Killed a rakshasa
   121 | D        | Reached skill level 10 in Fighting
   121 | D        | Reached XP level 8. HP: 79/81 MP: 7/7
   229 | D        | Entered arena 4.
   229 | D        | Found a transporter.
   231 | D        | Reached ** piety under Makhleb
   246 | D        | Entered arena 5.
   246 | D        | Found a transporter.
   248 | D        | Reached *** piety under Makhleb
   250 | D        | Reached XP level 9. HP: 89/89 MP: 8/8
   262 | D        | Got the Grimoire of Dark Ice
   268 | D        | Entered arena 6.
   268 | D        | Found a transporter.
   269 | D        | Reached **** piety under Makhleb
   290 | D        | Identified a +1 pair of boots of running (You found it in
                  | the Dungeon)
   292 | D        | Got the amulet "Zasul" {Regen+ SInv}
   303 | D        | Entered arena 7.
   304 | D        | Found a transporter.
   305 | D        | Reached ***** piety under Makhleb
   308 | D        | Reached skill level 1 in Dodging
   322 | D        | Entered arena 8.
   322 | D        | Noticed a yaktaur
   322 | D        | Noticed a yaktaur
   322 | D        | Noticed a cyclops
   322 | D        | Noticed a yaktaur
   322 | D        | Noticed a yaktaur
   322 | D        | Noticed a centaur warrior
   323 | D        | Found a transporter.
   324 | D        | Identified the +7 rapier "Lyngusk" {holy, Int+4}
   325 | D        | Killed a yaktaur
   326 | D        | Killed a yaktaur
   329 | D        | Killed a yaktaur
   331 | D        | Killed a yaktaur
   331 | D        | Reached ****** piety under Makhleb
   331 | D        | Reached skill level 15 in Axes
   331 | D        | Killed a cyclops
   332 | D        | Killed a centaur warrior
   332 | D        | Reached XP level 10. HP: 99/99 MP: 7/9
   340 | D        | Got the ring "Mogumnel" {MR+ MP-9 Int+5 Slay+3}
   346 | D        | Got a cursed ring of Foyhut {rN+ EV-3 Dex+4}
   356 | D        | Entered arena 9.
   357 | D        | Found a transporter.
   358 | D        | Paralysed by a floating eye for 2 turns
   382 | D        | Entered arena 10.
   382 | D        | Noticed a deep elf demonologist
   382 | D        | Noticed a deep elf mage
   382 | D        | Noticed a deep elf mage
   382 | D        | Noticed a deep elf knight
   382 | D        | Noticed a deep elf knight
   382 | D        | Noticed a deep elf mage
   383 | D        | Found a transporter.
   387 | D        | Killed a deep elf knight
   387 | D        | Killed a deep elf mage
   388 | D        | Killed a deep elf demonologist
   388 | D        | Reached skill level 5 in Dodging
   388 | D        | Killed a deep elf mage
   390 | D        | Killed a deep elf knight
   393 | D        | Killed a deep elf mage
   400 | D        | Got the ring of Doubts {*Corrode rElec rPois Str+4 Int+4}
   404 | D        | Entered arena 11.
   404 | D        | Noticed a spiny frog
   404 | D        | Noticed a spiny frog
   405 | D        | Found a transporter.
   407 | D        | Killed a spiny frog
   410 | D        | Killed a spiny frog
   431 | D        | Entered arena 12.
   435 | D        | Found a transporter.
   438 | D        | Reached XP level 11. HP: 90/107 MP: 1/10
   463 | D        | Entered arena 13.
   463 | D        | Noticed a necromancer
   463 | D        | Noticed a necromancer
   463 | D        | Noticed a skeletal warrior
   463 | D        | Noticed a vampire knight
   464 | D        | Noticed a necromancer
   464 | D        | Noticed a necromancer
   464 | D        | Noticed a lich
   465 | D        | Found a transporter.
   470 | D        | Killed a necromancer
   474 | D        | Killed a vampire knight
   479 | D        | Killed a skeletal warrior
   480 | D        | Killed a necromancer
   482 | D        | Killed a lich
   482 | D        | Reached skill level 15 in Fighting
   483 | D        | Killed a necromancer
   487 | D        | Killed a necromancer
   499 | D        | Entered arena 14.
   500 | D        | Noticed a spriggan air mage
   500 | D        | Noticed a spriggan berserker
   500 | D        | Noticed a spriggan air mage
   500 | D        | Noticed a satyr
   500 | D        | Noticed a spriggan berserker
   500 | D        | Noticed a spriggan berserker
   501 | D        | Noticed a dire elephant
   501 | D        | Noticed a spriggan air mage
   501 | D        | Noticed a spriggan air mage
   501 | D        | Killed a satyr
   501 | D        | Reached skill level 10 in Dodging
   502 | D        | Found a transporter.
   505 | D        | Killed a spriggan berserker
   505 | D        | Reached skill level 15 in Armour
   505 | D        | Killed a spriggan air mage
   505 | D        | Reached XP level 12. HP: 111/122 MP: 2/11
   506 | D        | Killed a spriggan air mage
   509 | D        | Killed a spriggan air mage
   509 | D        | Reached skill level 15 in Shields
   510 | D        | Killed a spriggan air mage
   511 | D        | Killed a dire elephant
   516 | D        | Got the ring of Hueqev {rF+ Dex+5}
   521 | D        | Entered arena 15.
   522 | D        | Noticed a gelid black sun
   522 | D        | Noticed Xesmop the pandemonium lord
   522 | D        | Noticed a lorocyproca
   522 | D        | Noticed a cacodemon
   522 | D        | Noticed a green death
   523 | D        | Noticed Metak the pandemonium lord
   524 | D        | Found the +5 scythe "Finisher" {speed, Str+3}
   524 | D        | Found a transporter.
   529 | D        | Killed a lorocyproca
   531 | D        | Noticed a Brimstone Fiend
   531 | D        | Killed a green death
   537 | D        | Killed Xesmop the pandemonium lord
   545 | D        | Killed a cacodemon
   547 | D        | Killed Metak the pandemonium lord
   547 | D        | Reached XP level 13. HP: 136/136 MP: 3/12
   558 | D        | Killed a gelid black sun
   577 | D        | Entered arena 16.
   578 | D        | Noticed Dowan
   578 | D        | Noticed Grum
   578 | D        | Noticed Josephine
   578 | D        | Noticed Donald
   578 | D        | Noticed Ijyb
   578 | D        | Noticed Gastronok
   578 | D        | Noticed Kirke
   578 | D        | Noticed Snorg
   579 | D        | Noticed Nikola
   579 | D        | Noticed Aizul
   579 | D        | Noticed Terence
   579 | D        | Noticed Eustachio
   580 | D        | Found a transporter.
   585 | D        | Killed Josephine
   587 | D        | Killed Ijyb
   590 | D        | Killed Terence
   591 | D        | Killed Kirke
   593 | D        | Killed Aizul
   594 | D        | Killed Dowan
   595 | D        | Killed Snorg
   596 | D        | Killed Eustachio
   597 | D        | Killed Donald
   598 | D        | Killed Nikola
   600 | D        | Killed Gastronok
   601 | D        | Killed Grum
   933 | D        | Entered arena 17.
   936 | D        | Noticed a spark wasp
   937 | D        | Noticed an entropy weaver
   938 | D        | Found the +2 shield of Resistance {rF+ rC+ MR+}
   938 | D        | Found a transporter.
   942 | D        | Reached skill level 15 in Dodging
   944 | D        | Killed a spark wasp
   948 | D        | Killed an entropy weaver
   984 | D        | Got the Handbook of Cankerous Snow
   989 | D        | Entered arena 18.
   994 | D        | Found a transporter.
   998 | D        | Reached XP level 14. HP: 149/149 MP: 4/13
  1024 | D        | Got the ring "Athaf" {Fire Int+3}
  1026 | D        | Got the ring of Fixtoina {+Blink +Fly rF++ MR+ Str-3}
  1049 | D        | Entered arena 19.
  1052 | D        | Noticed a shadow dragon
  1053 | D        | Noticed a ghoul
  1053 | D        | Noticed a ghoul
  1053 | D        | Noticed a shadow dragon
  1058 | D        | Found a transporter.
  1067 | D        | Killed a ghoul
  1068 | D        | Killed a shadow dragon
  1069 | D        | Killed a ghoul
  1072 | D        | Killed a shadow dragon
  1081 | D        | Got the Volume of the Valley
  1098 | D        | Got the +9 broad axe of Stickiness {holy, rN+ Str+4 Int-2}
  1105 | D        | Got the Volume of the Volcanoes
  1113 | D        | Got the Catalogue of the Icy Blaze
  1122 | D        | Entered arena 20.
  1128 | D        | Noticed a nagaraja
  1133 | D        | Reached skill level 1 in Stealth
  1134 | D        | Killed a nagaraja
  1142 | D        | Found a transporter.
  1178 | D        | Got the +0 cloak "Licledwo" {rC+ MR+}
  1195 | D        | Got the Volume of Translocation and Fire
  1217 | D        | Entered arena 21.
  1221 | D        | Noticed a shadow dragon
  1222 | D        | Noticed a ghoul
  1222 | D        | Noticed a shadow dragon
  1223 | D        | Found the brooch of Shielding {Reflect SH+8}
  1223 | D        | Noticed a shadow dragon
  1224 | D        | Found the +8 autumn katana {slice, Clar}
  1226 | D        | Noticed a shadow dragon
  1234 | D        | Killed a shadow dragon
  1237 | D        | Killed a ghoul
  1237 | D        | Killed a shadow dragon
  1241 | D        | Reached skill level 5 in Stealth
  1243 | D        | Killed a shadow dragon
  1248 | D        | Killed a shadow dragon
  1249 | D        | Found a transporter.
  1308 | D        | Got the ring of Ziboy {+Fly rC+ Str+4 Dex+2}
  1327 | D        | Entered arena 22.
  1331 | D        | Noticed a black draconian shifter
  1331 | D        | Noticed a white draconian shifter
  1331 | D        | Noticed a white draconian knight
  1332 | D        | Noticed a black draconian knight
  1332 | D        | Noticed a white draconian annihilator
  1332 | D        | Noticed a yellow draconian monk
  1332 | D        | Noticed a red draconian annihilator
  1332 | D        | Noticed a yellow draconian monk
  1334 | D        | Noticed a yellow draconian monk
  1334 | D        | Noticed a white draconian knight
  1335 | D        | Found a transporter.
  1344 | D        | Killed a black draconian shifter
  1349 | D        | Killed a yellow draconian monk
  1350 | D        | Killed a white draconian annihilator
  1350 | D        | Reached XP level 15. HP: 130/162 MP: 5/14
  1357 | D        | Killed a yellow draconian monk
  1362 | D        | Killed a white draconian knight
  1363 | D        | Killed a yellow draconian monk
  1364 | D        | Killed a white draconian knight
  1383 | D        | Reached skill level 27 in Axes
  1390 | D        | Killed a black draconian knight
  1392 | D        | Reached skill level 10 in Stealth
  1469 | D        | Entered arena 23.
  1475 | D        | Noticed a shard shrike
  1475 | D        | Noticed a shard shrike
  1476 | D        | Noticed a shard shrike
  1485 | D        | Killed a shard shrike
  1487 | D        | Killed a shard shrike
  1492 | D        | Killed a shard shrike
  1498 | D        | Found a transporter.
  1500 | D        | Reached XP level 16. HP: 176/176 MP: 6/15
  1535 | D        | Got the Almanac of the Birds and Dislocation
  1541 | D        | Got the ring "Qutooty" {rC+ rN+ MR+}
  1560 | D        | Got the ring "Jeoch" {MR+ Dex+2 Stlth+}
  1583 | D        | Entered arena 24.
  1589 | D        | Noticed a shadow dragon
  1589 | D        | Noticed a shadow dragon
  1589 | D        | Noticed a golden dragon
  1589 | D        | Noticed a quicksilver dragon
  1590 | D        | Noticed a quicksilver dragon
  1590 | D        | Noticed a quicksilver dragon
  1591 | D        | Noticed a shadow dragon
  1591 | D        | Noticed a quicksilver dragon
  1592 | D        | Noticed a shadow dragon
  1593 | D        | Found the +3 hat of Pondering {ponderous, MR+ MP+10 Int+5}
  1595 | D        | Noticed a shadow dragon
  1599 | D        | Killed a quicksilver dragon
  1602 | D        | Killed a quicksilver dragon
  1607 | D        | Killed a golden dragon
  1608 | D        | Killed a shadow dragon
  1611 | D        | Killed a shadow dragon
  1618 | D        | Killed a quicksilver dragon
  1619 | D        | Killed a shadow dragon
  1623 | D        | Killed a shadow dragon
  1624 | D        | Reached skill level 27 in Shields
  1626 | D        | Killed a shadow dragon
  1629 | D        | Killed a quicksilver dragon
  1643 | D        | Found a transporter.
  1721 | D        | Entered arena 25.
  1729 | D        | Found the +2 cloak of the Thief {+Fog Slay-2 SInv Stlth+}
  1731 | D        | Reached skill level 27 in Fighting
  1736 | D        | Reached skill level 15 in Stealth
  1741 | D        | Reached XP level 17. HP: 191/191 MP: 7/16
  1769 | D        | Found a transporter.
  1846 | D        | Entered arena 26.
  1858 | D        | Found a transporter.
  1897 | D        | Reached skill level 27 in Dodging
  1926 | D        | Reached XP level 18. HP: 179/200 MP: 8/17
  1962 | D        | Reached skill level 27 in Armour
  2071 | D        | Entered arena 27.
  2079 | D        | Noticed a shard shrike
  2080 | D        | Noticed a shard shrike
  2080 | D        | Noticed a golden dragon
  2080 | D        | Noticed an iron giant
  2080 | D        | a golden dragon changed into an iron giant
  2080 | D        | Noticed a shard shrike
  2080 | D        | a glowing shapeshifter changed into a shard shrike
  2080 | D        | Noticed a shard shrike
  2080 | D        | a glowing shapeshifter changed into a shard shrike
  2080 | D        | Noticed a shard shrike
  2080 | D        | a glowing shapeshifter changed into a shard shrike
  2080 | D        | Noticed a shard shrike
  2080 | D        | a glowing shapeshifter changed into a shard shrike
  2081 | D        | Found the +4 robe of Augmentation {Str+4 Int+4 Dex+4}
  2081 | D        | Noticed a shard shrike
  2081 | D        | Noticed a juggernaut
  2081 | D        | a shard shrike changed into a juggernaut
  2081 | D        | Noticed a golden dragon
  2081 | D        | a titan changed into a golden dragon
  2081 | D        | Noticed a juggernaut
  2081 | D        | an acid blob changed into a juggernaut
  2081 | D        | an iron giant changed into a shadow dragon
  2081 | D        | a shard shrike changed into a titan
  2081 | D        | Noticed a juggernaut
  2081 | D        | a shard shrike changed into a juggernaut
  2082 | D        | a juggernaut changed into a titan
  2082 | D        | Noticed an iron giant
  2082 | D        | a titan changed into an iron giant
  2082 | D        | Noticed a shard shrike
  2082 | D        | a glowing shapeshifter changed into a shard shrike
  2082 | D        | Noticed a juggernaut
  2082 | D        | a shard shrike changed into a juggernaut
  2084 | D        | Noticed an iron giant
  2084 | D        | a shard shrike changed into an iron giant
  2084 | D        | Noticed a shard shrike
  2084 | D        | a juggernaut changed into a shard shrike
  2084 | D        | Noticed a juggernaut
  2084 | D        | a titan changed into a juggernaut
  2084 | D        | Noticed an iron giant
  2084 | D        | a shard shrike changed into an iron giant
  2084 | D        | Noticed a juggernaut
  2084 | D        | a shard shrike changed into a juggernaut
  2085 | D        | Noticed an iron giant
  2085 | D        | an iron dragon changed into an iron giant
  2085 | D        | Noticed a juggernaut
  2085 | D        | an iron giant changed into a juggernaut
  2085 | D        | a juggernaut changed into an acid blob
  2085 | D        | Noticed a shard shrike
  2085 | D        | a juggernaut changed into a shard shrike
  2085 | D        | Noticed a shard shrike
  2086 | D        | an iron giant changed into an acid blob
  2086 | D        | Noticed a golden dragon
  2086 | D        | a shadow dragon changed into a golden dragon
  2086 | D        | a juggernaut changed into a titan
  2087 | D        | Killed a shard shrike
  2088 | D        | Noticed a caustic shrike
  2088 | D        | a juggernaut changed into a caustic shrike
  2088 | D        | Noticed a golden dragon
  2088 | D        | an iron giant changed into a golden dragon
  2088 | D        | a juggernaut changed into an acid blob
  2088 | D        | a shard shrike changed into a titan
  2091 | D        | Noticed a juggernaut
  2091 | D        | a golden dragon changed into a juggernaut
  2092 | D        | Noticed a juggernaut
  2092 | D        | a shard shrike changed into a juggernaut
  2092 | D        | Noticed a caustic shrike
  2092 | D        | a golden dragon changed into a caustic shrike
  2092 | D        | Noticed a juggernaut
  2092 | D        | a shard shrike changed into a juggernaut
  2092 | D        | Noticed a caustic shrike
  2092 | D        | a juggernaut changed into a caustic shrike
  2094 | D        | Noticed an iron giant
  2094 | D        | a caustic shrike changed into an iron giant
  2094 | D        | Noticed a shard shrike
  2094 | D        | a titan changed into a shard shrike
  2095 | D        | a shard shrike changed into a titan
  2098 | D        | Noticed a juggernaut
  2098 | D        | a titan changed into a juggernaut
  2099 | D        | Noticed a shard shrike
  2099 | D        | a juggernaut changed into a shard shrike
  2099 | D        | a golden dragon changed into an acid blob
  2101 | D        | Noticed a shard shrike
  2101 | D        | an iron giant changed into a shard shrike
  2101 | D        | a shard shrike changed into a titan
  2101 | D        | a juggernaut changed into an iron dragon
  2102 | D        | an iron giant changed into a shadow dragon
  2102 | D        | a juggernaut changed into an iron dragon
  2102 | D        | a caustic shrike changed into an iron dragon
  2102 | D        | a shard shrike changed into a titan
  2103 | D        | Noticed a juggernaut
  2103 | D        | a titan changed into a juggernaut
  2103 | D        | Noticed a golden dragon
  2103 | D        | a caustic shrike changed into a golden dragon
  2105 | D        | Noticed an iron giant
  2105 | D        | an iron dragon changed into an iron giant
  2105 | D        | a juggernaut changed into a titan
  2107 | D        | Noticed a caustic shrike
  2107 | D        | an iron giant changed into a caustic shrike
  2107 | D        | Noticed a juggernaut
  2107 | D        | a titan changed into a juggernaut
  2107 | D        | a golden dragon changed into an iron dragon
  2107 | D        | HP: 10/200 [wind drake (glowing shapeshifter)/the air (7)]
  2107 | D        | HP: 3/200 [iron dragon (glowing shapeshifter) (7)]
  2107 | D        | Slain by a stone giant (glowing shapeshifter)

Skill      XL: |  1  2  3  4  5  6  7  8  9 10 11 12 13 14 15 16 17 18 |
---------------+-------------------------------------------------------+-----
Armour         | 9 12 13 14 15 16 17 18 20 26 27 | 27.0
Fighting       | 4 8 9 10 11 12 13 16 18 20 22 24 27 | 27.0
Axes           | 3 7 9 11 12 16 18 21 22 24 26 27 | 27.0
Shields        | 4 9 10 11 12 13 14 16 19 21 24 27 | 27.0
Dodging        | 4 7 10 13 16 19 21 24 27 | 27.0
Stealth        | 6 11 15 21 23 | 23.8

Action                   |  1- 3 |  4- 6 |  7- 9 | 10-12 | 13-15 | 16-18 || total
-------------------------+-------+-------+-------+-------+-------+-------++-------
Melee: Broad axe         |     3 |     1 |    27 |    78 |   192 |   223 ||   524
       Headbutt          |       |       |     7 |    25 |    46 |    68 ||   146
Evoke: Lightning rod     |     4 |       |       |       |       |       ||     4
       Wand              |       |       |     1 |       |       |       ||     1
  Use: Potion            |     2 |       |       |     1 |     2 |     1 ||     6
       Scroll            |       |       |       |       |     1 |     1 ||     2
 Stab: Distracted        |       |       |       |     5 |     6 |       ||    11
       Confused          |       |       |       |       |       |     7 ||     7
       Petrified         |       |       |       |       |       |     4 ||     4
       Petrifying        |       |       |       |       |       |     3 ||     3
  Eat: Chunk             |       |       |       |       |     2 |     2 ||     4
Armor: Plate armour      |     2 |     1 |     9 |    27 |   133 |   263 ||   435
Dodge: Dodged            |     1 |       |     7 |    25 |   152 |   440 ||   625
Block: Shield            |     4 |       |    31 |    81 |    10 |       ||   126
       Reflection        |       |       |    13 |     4 |    12 |    19 ||    48
       Large shield      |       |       |       |       |   435 |   712 ||  1147
